cohdb
Replays
Latest Replays
All Replays
Popular Replays
Top Player Replays
Match Explorer
How It Works
Community
CoH3 Stats
Reddit
Sign in to upload your games and track your stats! →
Sign in with Steam
Match 44557930
Unlisted
Match 44557930
Overview
Messages
Build Orders
End
Panzergrenadier Squad
Panzergrenadier Squad
Panzergrenadier Squad
Construct Light Support Kompanie
2.5-tonne Medical Truck
Fire Support Elements
Forward Retreat Point
Pak 38 Mechanized Group
Construct Panzerarmee Kommand
Panzer III L Medium Tank
Panzer III L Medium Tank
Rapid Advance
Tungsten Core Ammunition
Panzer III L Medium Tank
Selects Panzerjäger Kommand Battlegroup
Selects Tank Busters
Selects Crew Shock Tactics
Selects Anti-tank Overwatch
MuniekPL
Husar
Felipe
SIEPACZ
Stanghellini
AlphaProfits
袁奇
R星
0
0
Comments
sign in to comment!
No comments posted yet!